 Dungeon Crawl Stone Soup version 0.15-a0-347-ga2bb22c (console) character file.

455 Natasha the Basher (level 6, -1/59 HPs)
             Began as an Ogre Hunter on Apr 29, 2014.
             Killed from afar by an orc wizard (9 damage)
             ... with a magic dart
             ... on Level 5 of the Dungeon.
             The game lasted 00:05:28 (1099 turns).

Natasha the Basher (Ogre Hunter)                    Turns: 1099, Time: 00:05:28

HP  -1/59        AC  3     Str 18      XL: 6   Next: 90%
MP   6/6         EV 10     Int 10      God:
Gold 44          SH  0     Dex 12      Spells:  0 memorised,  5 levels left

rFire  . . .     SeeInvis +     p - +0 giant club
rCold  . . .     Clarity  .     d - +0 animal skin
rNeg   . . .     Conserve .     (shield restricted)
rPois  .         rCorr    .     (helmet restricted)
rElec  .         rRot     .     (no cloak)
SustAb . .       Spirit   .     (gloves unavailable)
rMut   .         Warding  .     (boots unavailable)
Saprov + . .     Stasis   .     (no amulet)
MR     .....                    (no ring)
                                k - ring of see invisible

@: not resistant to hostile enchantments, unstealthy
A: unfitting armour, fast metabolism 1, saprovore 1, tough skin 1
a: no special abilities


You were on level 5 of the Dungeon.
You were not hungry.

You visited 1 branch of the dungeon, and saw 5 of its levels.

You collected 44 gold pieces.

Inventory:

Hand weapons
 a - a +1,+1 club
 p - a +0,+0 giant club (weapon)
Armour
 d - a +0 animal skin (worn)
Comestibles
 c - 2 rotting chunks of worker ant flesh
 f - 3 meat rations
 i - 13 strawberries
Scrolls
 e - 2 scrolls of enchant weapon I {unknown}
 g - 2 scrolls of identify {unknown}
 h - a scroll of enchant weapon II {unknown}
 l - 2 scrolls of teleportation {unknown}
 q - a scroll of random uselessness {unknown}
Jewellery
 k - a ring of see invisible (left hand)
Potions
 j - a potion of magic {unknown}
 m - 2 potions of brilliance {unknown}
 n - a potion of might {unknown}


   Skills:
 - Level 2.6 Fighting
 + Level 9.1 Maces & Flails
 - Level 4.3 Throwing
 - Level 1.7 Dodging
 - Level 0.7 Stealth


You had 5 spell levels left.
You didn't know any spells.

Dungeon Overview and Level Annotations

Branches:
Dungeon (5/15)
 Temple: D:4-7

Altars:


Innate Abilities, Weirdness & Mutations

You are too large for most types of armour.
You have a fast metabolism.
You can tolerate rotten meat.
You have tough skin (AC +1).


Message History

You bludgeon the orc!!
You kill the orc!
You barely miss the orc wizard.
The orc wizard unwields an uncursed dagger.
The orc wizard drops an uncursed dagger.
The orc wizard picks up a hand axe.
The orc wizard wields a hand axe.
You miss the orc wizard.
The orc wizard gestures at you while chanting.
You resist. The orc wizard barely misses you.
You completely miss the orc wizard.
The orc wizard hits you but does no damage.
You barely miss the orc wizard.
The orc wizard hits you with a hand axe.
* * * LOW HITPOINT WARNING * * *
The orc wizard completely misses you.
You hit the orc wizard but do no damage.
The orc wizard hits you but does no damage.
The orc wizard points at you and mumbles some strange words.
The magic dart hits you!
You die...

#.# #.#### #....# #####
#....####...#
#....##.....#
#.#####.....# . #.#
##...# ... #####
#.####..%####..... #...#
#.#......@........
#...###.#.##..o##.......
##...##....#####.....##.
.................(...)...
###...#................(
#...##.##...#...######
######.##...#####
#.###### #.#


You could see an orc wizard.

Vanquished Creatures
  An ogre (D:4)
  A centaur (D:5)
  The ghost of Natasha the Slasher, a weakling OpFi (D:3)
  2 crimson imps (D:5)
  An orc priest (D:5)
  3 worker ants (D:4)
  Ijyb (D:2)
  An adder (D:2)
  A worm (D:2)
  An iguana zombie (D:4)
  2 orcs (D:5)
  2 giant cockroaches
  4 hobgoblins
  A giant newt (D:5)
  2 goblins (D:4)
  4 jackals (D:4)
  2 kobolds
  A quokka (D:5)
  A rat (D:1)
32 creatures vanquished.

Notes
Turn   | Place    | Note
--------------------------------------------------------------
     0 | D:1      | Natasha, the Ogre Hunter, began the quest for the Orb.
     0 | D:1      | Reached XP level 1. HP: 22/22 MP: 1/1
   147 | D:2      | Reached XP level 2. HP: 26/29 MP: 2/2
   186 | D:2      | Noticed Ijyb
   246 | D:2      | Killed Ijyb
   246 | D:2      | Reached XP level 3. HP: 13/36 MP: 3/3
   434 | D:3      | Noticed Natasha's ghost (weakling OpFi)
   536 | D:3      | Killed Natasha's ghost
   536 | D:3      | Reached skill level 5 in Maces & Flails
   536 | D:3      | Reached XP level 4. HP: 13/44 MP: 4/4
   704 | D:4      | Reached skill level 6 in Maces & Flails
   704 | D:4      | Reached XP level 5. HP: 37/50 MP: 5/5
   744 | D:4      | Noticed an ogre
   748 | D:4      | Killed an ogre
   748 | D:4      | Reached skill level 7 in Maces & Flails
   856 | D:4      | Reached XP level 6. HP: 30/59 MP: 6/6
   881 | D:5      | Entered Level 5 of the Dungeon
   908 | D:5      | Reached skill level 8 in Maces & Flails
  1093 | D:5      | Reached skill level 9 in Maces & Flails
  1099 | D:5      | Killed from afar by an orc wizard

Action                   |  1- 3 |  4- 6 || total
-------------------------+-------+-------++-------
Melee: Club              |    25 |    63 ||    88
       Giant club        |       |    22 ||    22
Throw: Large rock        |    17 |    23 ||    40
       Throwing net      |     4 |     1 ||     5
